AoeStats
← Adams1491

African Clearing

510550828Analyzed
4v4 RM · 2d ago on Oct 1, 2026· 23m 54s· 8 players
Game mode
Random Map
Map size
Large (8 player)
Population
200
Speed
Normal
Resources
Standard
Victory
Conquest
Starting age
Dark Age
Ending age
Imperial Age
RankedLock teamsTeams togetherTeam positionsShared explorationLock speedFull tech treeHidden civsTurbo modeCheats
Victory
Defeat
🇨🇳 Maya · China
1470
+12
🇯🇵 Mongols · Japan
1454
+13
🇨🇳 Vietnamese · China
1434
+13
🇦🇷 Magyars · Argentina
1384
+16
🇹🇼 Vietnamese · Taiwan
1400
-14
🇹🇼 Varangians · Taiwan
1384
-14
🇨🇳 Japanese · China
1383
-14
🇨🇳 Malians · China
1341
-12
Adams1491
9:20 Loom
12:15 Feudal Age
13:03 Double-Bit Axe
15:00 Fletching
18:31 Wheelbarrow
23:41 Castle Age
TheLastOne
3:32 Loom
3:38 Loom
14:16 Feudal Age
17:03 Double-Bit Axe
20:24 Castle Age
wuming
2:51 Loom
13:17 Feudal Age
23:51 Castle Age
21:46 Fletching
1★跳高獵人
9:36 Loom
11:42 Feudal Age
16:37 Castle Age
14:42 Double-Bit Axe
17:48 Bow Saw
17:31 Loom
22:16 Stone Mining
22:22 Horse Collar
23:17 Ballistics
24:19 Wheelbarrow
桐原冬子
6:39 Loom
11:44 Feudal Age
12:38 Double-Bit Axe
14:14 Forging
18:07 Town Watch
19:33 Horse Collar
22:39 Castle Age
21:47 Scale Barding Armor
23:47 Bow Saw
23:39 Heavy Plow
24:39 Wheelbarrow
垃圾小士兵
10:53 Loom
13:45 Feudal Age
14:59 Double-Bit Axe
17:45 Castle Age
15:41 Stone Mining
李清然
5:17 Loom
12:27 Feudal Age
13:41 Double-Bit Axe
13:59 Town Watch
16:38 Castle Age
17:38 Bow Saw
19:22 Fletching
22:09 Bodkin Arrow
星梦
8:14 Loom
11:34 Feudal Age
12:50 Double-Bit Axe
18:06 Horse Collar
22:02 Castle Age
22:00 Scale Barding Armor
22:10 Bloodlines
23:50 Horse Collar
Connection lost

Rejoining the realm…

Still unreachable

The connection could not be restored.

Session expired

The server has moved on; the page needs a fresh start.